[Event "Titled Tuesday Blitz November 9 2021"]
[White "Mihok, Oliver"]
[Black "Suarez Garcia, Carlos"]
[WhiteFideId "728012"]
[BlackFideId "22230858"]
[WhiteElo "2376"]
[BlackElo "2487"]
[Result "0-1"]
[Round "08"]
[TimeControl "180+1"]
[Date "2021.11.09"]
[WhiteClock "0:00:01"]
[BlackClock "0:01:43"]

1. d4 d5 2. Nc3 Nf6 3. Bg5 Nbd7 4. Nf3 c6 5. Qd3 g6 6. e4 dxe4 7. Nxe4 Bg7 8. O-O-O O-O 9. Kb1 Qa5 10. Bd2 Qf5 11. Ng3 Qxd3 12. Bxd3 Ng4 13. Rhf1 Re8 14. h3 Ngf6 15. Rfe1 c5 16. dxc5 Nxc5 17. Bc4 Be6 18. Bxe6 Nxe6 19. Bc3 Rad8 20. Be5 Nd5 21. Bxg7 Kxg7 22. Ne4 f6 23. g3 Kf7 24. h4 b5 25. Rd2 Nb6 26. Red1 Rxd2 27. Rxd2 Rc8 28. Rd3 Rc7 29. c3 a5 30. b3 h6 31. Kb2 g5 32. hxg5 hxg5 33. Nd4 Nxd4 34. Rxd4 Ke6 35. Rd3 Kf5 36. Nd2 e5 37. Rd6 Rd7 38. Rxd7 Nxd7 0-1


[Site "https://www.chess.com"]

[Event "Titled Tuesday Blitz November 9 2021"]
[White "Moskalenko, Alexander"]
[Black "Piesik, Piotr"]
[WhiteFideId "4155351"]
[BlackFideId "1136194"]
[WhiteElo "2515"]
[BlackElo "2336"]
[Result "0-1"]
[Round "08"]
[TimeControl "180+1"]
[Date "2021.11.09"]
[WhiteClock "0:00:03"]
[BlackClock "0:00:12"]

1. d4 c5 2. d5 e5 3. Nc3 d6 4. e4 Be7 5. Bb5+ Nd7 6. Nf3 a6 7. Bxd7+ Bxd7 8. a4 b5 9. axb5 axb5 10. Rxa8 Qxa8 11. O-O Nf6 12. Bg5 O-O 13. Nd2 Qa6 14. Qe2 h6 15. Bh4 Re8 16. Re1 Nh7 17. Bxe7 Rxe7 18. Qf1 Re8 19. Ra1 Qb7 20. Ra5 Ra8 21. Qa1 Rxa5 22. Qxa5 Qb8 23. b4 c4 24. Ndb1 f5 25. exf5 Bxf5 26. Na3 Nf6 27. Naxb5 Bxc2 28. Nc7 Bf5 29. b5 Nd7 30. Qa8 Qxa8 31. Nxa8 Kf7 32. b6 Ke7 33. b7 Nb8 34. Nc7 Kd7 35. N7b5 Ke7 36. f3 Bd7 37. Kf2 Bxb5 38. Nxb5 Kd7 39. Ke3 g5 40. Kd2 h5 41. Kc3 g4 42. Kxc4 gxf3 43. gxf3 Na6 44. Kd3 Nc5+ 45. Ke3 Nxb7 46. f4 Nc5 47. f5 Ke7 48. h4 Nb7 49. Kf3 Kf6 50. Ke4 Nc5+ 51. Ke3 Kxf5 52. Nxd6+ Kg4 53. Ne4 Nd7 54. d6 Kxh4 55. Kf3 Kh3 56. Nf2+ Kh4 57. Ke4 Kg5 58. Kd5 Kf4 59. Ke6 Nb6 60. Nd3+ Kg3 61. Nxe5 h4 62. Nc4 h3 63. Nxb6 h2 64. d7 h1=Q 65. d8=Q Qc6+ 66. Ke5 Qc3+ 67. Ke6 Qc6+ 68. Ke7 Qc5+ 69. Kf6 Qc3+ 70. Ke7 Qe5+ 71. Kf7 Qf5+ 72. Kg7 Qe5+ 73. Kg6 Qe6+ 74. Kh7 Qf7+ 75. Kh8 Qh5+ 76. Kg7 Qe5+ 77. Kf7 Qf5+ 0-1


[Site "https://www.chess.com"]

[Event "Titled Tuesday Blitz November 9 2021"]
[White "Murzin, Volodar"]
[Black "Tillyaev, Ulugbek"]
[WhiteFideId "44155573"]
[BlackFideId "14202441"]
[WhiteElo "2481"]
[BlackElo "2341"]
[Result "0-1"]
[Round "08"]
[TimeControl "180+1"]
[Date "2021.11.09"]
[WhiteClock "0:00:02"]
[BlackClock "0:00:24"]

1. e4 e5 2. Nf3 Nc6 3. Bb5 a6 4. Ba4 Nf6 5. O-O Be7 6. d3 b5 7. Bb3 d6 8. a3 O-O 9. Nc3 Na5 10. Ba2 Be6 11. b4 Nc6 12. Bg5 Nd7 13. Bxe7 Qxe7 14. Qb1 Nd4 15. Nxd4 exd4 16. Nd5 Qd8 17. Qb2 c6 18. Nf4 Bxa2 19. Rxa2 c5 20. a4 Rb8 21. axb5 Rxb5 22. Rxa6 Rxb4 23. Qa2 Nf6 24. Ra1 h6 25. Ra7 Qb6 26. g3 c4 27. dxc4 Rb2 28. Qa4 Nxe4 29. Nd5 Rb1+ 30. Kg2 Qb2 31. Rxb1 Qxb1 32. Qd7 Nd2 33. Kh3 Qf1+ 34. Kg4 Qxf2 35. Qf5 h5+ 36. Qxh5 Qe2+ 37. Kg5 Ne4+ 0-1


[Site "https://www.chess.com"]

[Event "Titled Tuesday Blitz November 9 2021"]
[White "Obregon, Andres Carlos"]
[Black "Hansen, Eric"]
[WhiteFideId "111724"]
[BlackFideId "2606771"]
[WhiteElo "2572"]
[BlackElo "2568"]
[Result "0-1"]
[Round "08"]
[TimeControl "180+1"]
[Date "2021.11.09"]
[WhiteClock "0:01:33"]
[BlackClock "0:01:43"]

1. c4 e5 2. Nc3 Nf6 3. Nf3 Nc6 4. g3 Bb4 5. Bg2 Bxc3 6. bxc3 O-O 7. O-O h6 8. d3 e4 9. Nd4 Re8 10. dxe4 Nxe4 11. Qc2 Qe7 12. Nb5 d6 13. Bxe4 Qxe4 14. Qxe4 Rxe4 15. Nxc7 Rb8 16. Nb5 Rxe2 17. Bf4 Bh3 18. Rfe1 Rbe8 19. Rxe2 Rxe2 20. Nxd6 b6 21. c5 bxc5 22. Be3 Rc2 23. c4 Nd4 24. Ne4 Rxc4 25. Nxc5 Nc2 0-1


[Site "https://www.chess.com"]

[Event "Titled Tuesday Blitz November 9 2021"]
[White "Preotu, Razvan"]
[Black "Kovalenko, Igor"]
[WhiteFideId "2613280"]
[BlackFideId "14117908"]
[WhiteElo "2407"]
[BlackElo "2629"]
[Result "1-0"]
[Round "08"]
[TimeControl "180+1"]
[Date "2021.11.09"]
[WhiteClock "0:00:18"]
[BlackClock "0:00:32"]

1. e4 e6 2. d4 d5 3. Nc3 Bb4 4. e5 c5 5. a3 Bxc3+ 6. bxc3 Qa5 7. Bd2 Qa4 8. Qg4 g6 9. Nf3 Nc6 10. Bd3 c4 11. Be2 h6 12. O-O Bd7 13. Qh4 Nce7 14. Rfb1 g5 15. Qh3 Bc6 16. Nxg5 Qxc2 17. Nf3 O-O-O 18. Qh5 Qg6 19. Nh4 Qxh5 20. Bxh5 Rh7 21. f4 Ba4 22. Rb2 f5 23. h3 Rg7 24. Kh2 Nc6 25. g4 Nge7 26. Rg1 Rdg8 27. Be3 Nd8 28. Rbg2 a5 29. g5 Rh8 30. gxh6 Rxg2+ 31. Rxg2 Rxh6 32. Rg5 b5 33. Ng6 Nxg6 34. Bxg6 Kd7 35. Kg3 Bd1 36. h4 Ke7 37. h5 Nc6 38. Kh4 Rh8 39. Rg1 Bc2 40. Kg5 b4 41. cxb4 axb4 42. axb4 Nxb4 43. Ra1 Kd7 44. Ra7+ Kc6 45. h6 Kb6 46. Re7 c3 47. Rxe6+ Ka5 48. Re8 Rxh6 49. Kxh6 Bd3 50. e6 1-0


[Site "https://www.chess.com"]

[Event "Titled Tuesday Blitz November 9 2021"]
[White "Rozman, Levy"]
[Black "Kamsky, Gata"]
[WhiteFideId "2039877"]
[BlackFideId "2000024"]
[WhiteElo "2376"]
[BlackElo "2645"]
[Result "1/2-1/2"]
[Round "08"]
[TimeControl "180+1"]
[Date "2021.11.09"]
[WhiteClock "0:00:04"]
[BlackClock "0:00:22"]

1. d4 Nf6 2. c4 e6 3. Nc3 Bb4 4. a3 Bxc3+ 5. bxc3 c6 6. f3 d5 7. e4 dxe4 8. Qc2 Qa5 9. fxe4 Nxe4 10. Bd3 Qxc3+ 11. Qxc3 Nxc3 12. a4 f5 13. Nf3 Nd7 14. O-O O-O 15. Bf4 b6 16. Bd6 Re8 17. a5 Ne4 18. Bxe4 fxe4 19. Ng5 Ba6 20. Rf7 Nf6 21. Rc7 Bxc4 22. Be5 Rac8 23. Rxa7 bxa5 24. Bxf6 gxf6 25. Nxh7 Rf8 26. Nxf8 Rxf8 27. Kf2 Bd5 28. R7xa5 Kg7 29. Ra8 Rxa8 30. Rxa8 e3+ 31. Kxe3 Bxg2 32. Rd8 Bd5 33. Kf4 Kg6 34. Rg8+ Kh6 35. Rg1 Kh5 36. Rg7 Kh6 37. Rc7 Kh5 38. Ke3 Kg5 39. Rg7+ Kh6 40. Rg1 e5 41. dxe5 fxe5 42. h3 Kh5 43. Rf1 Kh4 44. Rf5 1/2-1/2


[Site "https://www.chess.com"]

[Event "Titled Tuesday Blitz November 9 2021"]
[White "Rustemov, Alexander"]
[Black "Djokic, Mihailo"]
[WhiteFideId "4119002"]
[BlackFideId "976440"]
[WhiteElo "2784"]
[BlackElo "2008"]
[Result "1/2-1/2"]
[Round "08"]
[TimeControl "180+1"]
[Date "2021.11.09"]
[WhiteClock "0:00:12"]
[BlackClock "0:00:04"]

1. d4 Nf6 2. c4 g6 3. g3 Bg7 4. Bg2 O-O 5. Nc3 d6 6. Nf3 Nc6 7. O-O a6 8. h3 Rb8 9. e4 b5 10. d5 Na5 11. cxb5 axb5 12. b4 Nc4 13. Nd4 Bd7 14. a4 bxa4 15. b5 e6 16. Rxa4 exd5 17. exd5 Nb6 18. Ra7 Ra8 19. Rxa8 Qxa8 20. Qb3 Re8 21. Rd1 Qa5 22. Bd2 h5 23. Nc6 Qa8 24. Be3 Nc8 25. Bd4 Ne7 26. Nxe7+ Rxe7 27. Qc4 Bf5 28. Qa4 Qxa4 29. Nxa4 Bc2 30. Ra1 Nd7 31. Bxg7 Kxg7 32. Nc3 Nc5 33. h4 Kf6 34. Bf3 Bf5 35. Kg2 Nb3 36. Ra7 Nd4 37. Ra4 Nb3 38. Rb4 Nc5 39. Be2 Kg7 40. b6 cxb6 41. Rxb6 Rd7 42. Nb5 Ne4 43. Bf3 Nf6 44. Nxd6 Bg4 45. Ra6 Bxf3+ 46. Kxf3 Nxd5 47. Ne4 Nc7 48. Ra7 Re7 49. Ng5 Nd5 50. Ra5 Nf6 51. Kg2 Ng4 52. Ra2 Re5 53. Nh3 Rf5 54. Nf4 Nf6 55. f3 Nd5 56. Nxd5 Rxd5 1/2-1/2


[Site "https://www.chess.com"]

[Event "Titled Tuesday Blitz November 9 2021"]
[White "Schmakel, Sam"]
[Black "Artemenko, Oleg"]
[WhiteFideId "2039311"]
[BlackFideId "14201798"]
[WhiteElo "2356"]
[BlackElo "2287"]
[Result "0-1"]
[Round "08"]
[TimeControl "180+1"]
[Date "2021.11.09"]
[WhiteClock "0:00:04"]
[BlackClock "0:00:21"]

1. Nf3 d5 2. g3 Bg4 3. Bg2 c6 4. c4 Bxf3 5. Bxf3 e6 6. O-O Nf6 7. d4 Be7 8. Nc3 O-O 9. e4 dxc4 10. Qe2 Qxd4 11. Rd1 Qc5 12. Be3 Qb4 13. Rd4 b5 14. e5 Nd5 15. a4 Bc5 16. axb5 Bxd4 17. Bxd4 Nxc3 18. Bxc3 Qxb5 19. Ra5 Qb3 20. Ra3 Qb6 21. Qxc4 Nd7 22. Ra6 Qd8 23. b4 Nb6 24. Qg4 Rc8 25. Rxa7 Qd3 26. Bd4 Nd5 27. Be4 Qd2 28. Qh4 g6 29. Bxd5 cxd5 30. Be3 Qd1+ 31. Kg2 Qc2 32. g4 Qe4+ 33. Kg3 d4 34. Bh6 Rc3+ 35. Be3 dxe3 36. f3 e2 0-1


[Site "https://www.chess.com"]

[Event "Titled Tuesday Blitz November 9 2021"]
[White "Shimelkov, Vasiliy"]
[Black "Pichot, Alan"]
[WhiteFideId "13701630"]
[BlackFideId "110973"]
[WhiteElo "2073"]
[BlackElo "2600"]
[Result "1-0"]
[Round "08"]
[TimeControl "180+1"]
[Date "2021.11.09"]
[WhiteClock "0:01:24"]
[BlackClock "0:00:05"]

1. d4 Nf6 2. Nf3 d5 3. c4 e6 4. Nc3 dxc4 5. e3 a6 6. a4 c5 7. Bxc4 Nc6 8. O-O Be7 9. b3 O-O 10. Bb2 b6 11. Qe2 Bb7 12. Rfd1 cxd4 13. Nxd4 Nxd4 14. Rxd4 Qc7 15. Rc1 Rfd8 16. Rh4 Rac8 17. Bxa6 Bxa6 18. Qxa6 Rd2 19. Ba1 Qd7 20. Qf1 Nd5 21. Rc4 Rxc4 22. Qxc4 Nxc3 23. Bxc3 Rd1+ 24. Be1 h6 25. h3 Rxc1 26. Qxc1 Qd3 27. b4 Qb3 28. a5 bxa5 29. bxa5 Qa2 30. Qc7 Bf6 31. Qb7 Qa1 32. Kf1 Bc3 33. Qc8+ 1-0


[Site "https://www.chess.com"]

[Event "Titled Tuesday Blitz November 9 2021"]
[White "Shirazi, Kamran"]
[Black "Ten Hertog, Hugo"]
[WhiteFideId "2000733"]
[BlackFideId "1026356"]
[WhiteElo "2317"]
[BlackElo "2493"]
[Result "1-0"]
[Round "08"]
[TimeControl "180+1"]
[Date "2021.11.09"]
[WhiteClock "0:01:01"]
[BlackClock "0:01:37"]

1. e3 g6 2. d4 Bg7 3. h4 Nf6 4. h5 Nxh5 5. Rxh5 gxh5 6. Qxh5 d6 7. Bc4 e6 8. Nf3 Qf6 9. Qh2 Nc6 10. Nc3 Bd7 11. d5 Ne5 12. dxe6 Nxf3+ 13. gxf3 fxe6 14. Ne4 Qxf3 15. Ng5 Qg4 16. e4 Be5 17. Qh6 O-O-O 18. Bxe6 Qg1+ 19. Ke2 Rhf8 20. Bxd7+ Kxd7 21. Qe6+ Kc6 22. Qd5+ Kb6 23. Be3+ 1-0


[Site "https://www.chess.com"]

[Event "Titled Tuesday Blitz November 9 2021"]
[White "Sjugirov, Sanan"]
[Black "Kobalia, Mikhail"]
[WhiteFideId "4189302"]
[BlackFideId "4119150"]
[WhiteElo "2653"]
[BlackElo "2543"]
[Result "1/2-1/2"]
[Round "08"]
[TimeControl "180+1"]
[Date "2021.11.09"]
[WhiteClock "0:00:04"]
[BlackClock "0:00:25"]

1. e4 c6 2. d4 d5 3. e5 Bf5 4. Nf3 e6 5. Be2 Ne7 6. O-O h6 7. Nbd2 Nd7 8. Nb3 Bh7 9. c3 Ng6 10. Bd3 Be7 11. Be3 O-O 12. g3 f6 13. exf6 Rxf6 14. Re1 Qc7 15. h4 Raf8 16. Nh2 Bd6 17. f4 Nxh4 18. gxh4 Bxd3 19. Qxd3 Bxf4 20. Bxf4 Rxf4 21. Qh3 e5 22. Rf1 e4 23. Rxf4 Rxf4 24. Rf1 Nf6 25. Nd2 Rxf1+ 26. Ndxf1 Qa5 27. a3 Qb5 28. Qg2 Qd3 29. Qf2 Qd1 30. Kg2 Nh5 31. Ne3 Qc1 32. Nhf1 a5 33. Qf5 Nf6 34. Qf2 Nh5 35. Ng3 Nxg3 36. Kxg3 a4 37. Kg2 b5 38. h5 Kh8 39. Qe2 Kg8 40. Qf2 Kh8 41. Kg3 Kg8 42. Ng4 Qg5 43. Qf4 Qxh5 44. Qb8+ Kh7 45. Qc7 Qg5 46. Qf4 Qg6 47. Kh3 Qh5+ 48. Kg3 Qh1 49. Qf5+ Kh8 50. Ne5 Qg1+ 51. Kh3 Qh1+ 52. Kg3 Qg1+ 53. Kh3 Qh1+ 54. Kg3 1/2-1/2


[Site "https://www.chess.com"]

[Event "Titled Tuesday Blitz November 9 2021"]
[White "Svane, Rasmus"]
[Black "Dzhumagaliev, Yan"]
[WhiteFideId "4657101"]
[BlackFideId "24100110"]
[WhiteElo "2643"]
[BlackElo "2507"]
[Result "1/2-1/2"]
[Round "08"]
[TimeControl "180+1"]
[Date "2021.11.09"]
[WhiteClock "0:00:09"]
[BlackClock "0:00:20"]

1. Nf3 h5 2. e4 h4 3. d4 c6 4. Bd3 d5 5. exd5 cxd5 6. h3 Nc6 7. c3 e6 8. Bf4 Bd6 9. Qd2 Bxf4 10. Qxf4 Qf6 11. Qe3 Nge7 12. Ne5 Nf5 13. Bxf5 Qxf5 14. Nd2 Nxe5 15. dxe5 Bd7 16. Nf3 Bb5 17. Nd4 Qd3 18. Qxd3 Bxd3 19. Kd2 Bg6 20. Nb5 Ke7 21. Rae1 Rh5 22. Nd4 a6 23. f3 Rg5 24. Re2 Rc8 25. Rhe1 Rc4 26. Rf2 Rh5 27. Re3 Rh8 28. f4 Rh5 29. b3 Rc8 30. Re1 Be4 31. c4 f6 32. cxd5 exd5 33. exf6+ gxf6 34. Rc1 Rxc1 35. Kxc1 Rh8 36. Re2 Kd6 37. Nf3 Bxf3 38. gxf3 Rg8 39. f5 Rg3 40. Re6+ Kc5 41. Rxf6 Rxh3 42. Rh6 Rxf3 43. Rxh4 Rxf5 44. Rh2 Rf1+ 45. Kc2 a5 46. a3 b5 47. Kc3 b4+ 48. axb4+ axb4+ 49. Kc2 Rf3 50. Rg2 Rc3+ 51. Kb2 Re3 52. Kc2 Kd4 53. Rg4+ Re4 54. Rg2 Rf4 55. Rd2+ Ke5 56. Re2+ Kd6 57. Rh2 Kc5 58. Rg2 Rf3 59. Rh2 Rc3+ 60. Kb2 d4 61. Rh5+ Kc6 62. Rh4 Rd3 63. Kc2 Rc3+ 64. Kd2 Kd5 65. Rh5+ Ke4 66. Rh4+ Ke5 67. Rh5+ Kd6 68. Rh4 Kc5 69. Rh5+ Kb6 70. Rh4 Rxb3 71. Rxd4 Kc5 72. Rd8 Rb2+ 73. Kd3 Kb5 74. Ra8 Rh2 75. Ra7 Rb2 76. Ra8 Rh2 77. Ra7 Kc5 78. Ra8 Kb6 79. Rb8+ Ka5 80. Ra8+ Kb5 1/2-1/2


[Site "https://www.chess.com"]

[Event "Titled Tuesday Blitz November 9 2021"]
[White "Tari, Aryan"]
[Black "Babazada, Khazar"]
[WhiteFideId "1510045"]
[BlackFideId "13413554"]
[WhiteElo "2656"]
[BlackElo "2302"]
[Result "1-0"]
[Round "08"]
[TimeControl "180+1"]
[Date "2021.11.09"]
[WhiteClock "0:00:07"]
[BlackClock "0:00:34"]

1. e4 e5 2. Nf3 Nc6 3. Nc3 Nf6 4. a3 Bd6 5. Bc4 O-O 6. d3 h6 7. Rg1 Bc5 8. g4 d5 9. exd5 Nxg4 10. Ne4 b5 11. Ba2 Bb6 12. dxc6 Kh8 13. h3 f5 14. Rxg4 fxg4 15. Nxe5 Qe8 16. Nxg4 Qh5 17. Be3 Bf5 18. Bxb6 axb6 19. Qe2 Qxh3 20. Ne3 Qh1+ 21. Qf1 Bxe4 22. dxe4 Qxe4 23. O-O-O b4 24. Qc4 Qe5 25. Qxb4 Rxf2 26. Qd4 Qg5 27. Kb1 Re8 28. Nd5 Rf7 29. Nxb6 Rf4 30. Qd7 Rff8 31. Qxc7 Rb8 32. Nd7 Qd2 33. Rc1 Rbc8 34. Qb7 Rfe8 35. Bb3 h5 36. Nb6 Rb8 37. Qf7 Qg5 38. c7 1-0


[Site "https://www.chess.com"]

[Event "Titled Tuesday Blitz November 9 2021"]
[White "Vakhlamov, Igor L."]
[Black "Al-Tarboush, Ward"]
[WhiteFideId "24126748"]
[BlackFideId "7601450"]
[WhiteElo "2416"]
[BlackElo "2276"]
[Result "1-0"]
[Round "08"]
[TimeControl "180+1"]
[Date "2021.11.09"]
[WhiteClock "0:01:05"]
[BlackClock "0:01:04"]

1. e4 e6 2. d4 d5 3. Nc3 Nf6 4. Bd3 dxe4 5. Nxe4 Nxe4 6. Bxe4 c5 7. Nf3 Nc6 8. Be3 Be7 9. dxc5 Qa5+ 10. c3 O-O 11. O-O f5 12. Bxc6 bxc6 13. Bd4 Ba6 14. Re1 Rad8 15. b4 Qc7 16. Qb3 Rd5 17. Rxe6 Kh8 18. Rae1 Bd8 19. b5 Bb7 20. b6 axb6 21. cxb6 Qf7 22. c4 Rd7 23. c5 Rd5 24. h3 h6 25. Rxh6+ Kg8 26. Rhe6 Qd7 27. Qc4 Bc8 28. Rd6 Qb7 29. Ne5 Bf6 30. Nxc6 1-0


[Site "https://www.chess.com"]

[Event "Titled Tuesday Blitz November 9 2021"]
[White "Vasquez Schroeder, Rodrigo"]
[Black "Mustafayev, Farid"]
[WhiteFideId "3400042"]
[BlackFideId "13408771"]
[WhiteElo "2568"]
[BlackElo "2091"]
[Result "1-0"]
[Round "08"]
[TimeControl "180+1"]
[Date "2021.11.09"]
[WhiteClock "0:00:17"]
[BlackClock "0:00:16"]

1. d4 d5 2. c4 dxc4 3. e4 c5 4. d5 e6 5. Nc3 Nf6 6. Bxc4 exd5 7. Nxd5 Nxd5 8. Bxd5 Bd6 9. Nf3 O-O 10. Bg5 Qa5+ 11. Nd2 Qc7 12. Nc4 Bf4 13. Bxf4 Qxf4 14. g3 Qc7 15. O-O Bh3 16. Re1 Nc6 17. Qh5 Bd7 18. Bxc6 Bxc6 19. Qxc5 Rfe8 20. Nd6 Re6 21. Rad1 g6 22. e5 Rd8 23. b4 Qe7 24. b5 Bf3 25. Rd3 Bg4 26. Rd4 Re8 27. Qc3 Rd8 28. Ne4 Rxd4 29. Qxd4 Kh8 30. f4 Bf5 31. Nd6 Bh3 32. Rc1 h5 33. Rc8+ Kh7 34. Re8 Qd7 35. Rxe6 Qxe6 36. Qc4 Qxc4 37. Nxc4 Be6 38. Nd6 Bxa2 39. Nxb7 Bd5 40. Nd6 Kg7 41. Kf2 Kf8 42. Ke3 Ke7 43. Kd4 Bf3 44. Nc8+ Kd7 45. Nxa7 Kc7 46. Kc5 1-0


[Site "https://www.chess.com"]

[Event "Titled Tuesday Blitz November 9 2021"]
[White "Visakh N R"]
[Black "Yashmetov, Mikhail"]
[WhiteFideId "25012223"]
[BlackFideId "24198900"]
[WhiteElo "2454"]
[BlackElo "2305"]
[Result "1-0"]
[Round "08"]
[TimeControl "180+1"]
[Date "2021.11.09"]
[WhiteClock "0:02:11"]
[BlackClock "0:01:47"]

1. c4 e5 2. g3 Nf6 3. Bg2 d5 4. cxd5 Nxd5 5. Nc3 Nb6 6. Nf3 Nc6 7. O-O Be7 8. d3 O-O 9. a3 Be6 10. b4 f5 11. Rb1 Bf6 12. Bb2 a5 13. b5 Nd4 14. Nd2 a4 15. Bxb7 Rb8 16. Bg2 Nb3 17. Nxb3 axb3 18. a4 e4 19. a5 Nd5 20. Nxd5 Bxb2 21. Nf4 1-0


[Site "https://www.chess.com"]

[Event "Titled Tuesday Blitz November 9 2021"]
[White "Aditya Mittal"]
[Black "Djokic, Mihailo"]
[WhiteFideId "35042025"]
[BlackFideId "976440"]
[WhiteElo "2245"]
[BlackElo "2008"]
[Result "1-0"]
[Round "09"]
[TimeControl "180+1"]
[Date "2021.11.09"]
[WhiteClock "0:00:57"]
[BlackClock "0:00:02"]

1. d4 Nf6 2. c4 g6 3. Nc3 Bg7 4. e4 d6 5. Be2 O-O 6. Be3 e5 7. d5 Na6 8. h4 Nc5 9. Qc2 h5 10. f3 a5 11. Nh3 c6 12. Nf2 a4 13. g4 Qa5 14. g5 Nfd7 15. Qd2 f5 16. gxf6 Nxf6 17. dxc6 bxc6 18. Qxd6 Ne6 19. Qd2 Rd8 20. Qc1 a3 21. b4 Qxb4 22. Rb1 Qa5 23. Kf1 Nd4 24. Kg2 Be6 25. Rd1 Kh7 26. Bf1 Qa6 27. Rb4 c5 28. Ra4 Qc6 29. Rxa3 Rxa3 30. Qxa3 Ra8 31. Qb2 Ra7 32. Nd5 Bxd5 33. cxd5 Qd7 34. Rc1 Rb7 35. Qc3 Bf8 36. Nd3 Ra7 37. a3 Qa4 38. Nxe5 Qxa3 39. Qxa3 Rxa3 40. Bg5 Ng8 41. Nd7 Bg7 42. Rxc5 Nxf3 43. Rc7 Ne1+ 44. Kf2 Nd3+ 45. Bxd3 Rxd3 46. Nf6+ Kh8 47. Rc8 Bxf6 48. Bxf6+ Kh7 49. Rc7+ Kh6 50. Bg5# 1-0


[Site "https://www.chess.com"]

[Event "Titled Tuesday Blitz November 9 2021"]
[White "Andreikin, Dmitry"]
[Black "Preotu, Razvan"]
[WhiteFideId "4158814"]
[BlackFideId "2613280"]
[WhiteElo "2736"]
[BlackElo "2407"]
[Result "1-0"]
[Round "09"]
[TimeControl "180+1"]
[Date "2021.11.09"]
[WhiteClock "0:00:04"]
[BlackClock "0:00:02"]

1. e4 c5 2. Nf3 d6 3. d4 cxd4 4. Nxd4 Nf6 5. Nc3 a6 6. Be3 e5 7. Nb3 Be6 8. Qf3 Nbd7 9. h3 Rc8 10. Bd3 Be7 11. g4 h6 12. Nd5 Bxd5 13. exd5 Nb6 14. Bxb6 Qxb6 15. O-O-O O-O 16. Kb1 a5 17. Nd2 Qd4 18. h4 Qxg4 19. Qe3 Nxd5 20. Qa7 Nb4 21. Rhg1 Qf4 22. Qxb7 Bxh4 23. Qg2 Bg5 24. Ne4 d5 25. Nxg5 hxg5 26. Rh1 e4 27. Qh3 f5 28. Bb5 Rxc2 29. Bd7 Rxb2+ 30. Ka1 Rxa2+ 31. Kb1 Rb2+ 32. Ka1 Qe5 33. Be6+ Qxe6 34. Kxb2 Qe5+ 35. Ka3 Kf7 36. Rc1 1-0


[Site "https://www.chess.com"]

[Event "Titled Tuesday Blitz November 9 2021"]
[White "Bazeev, German"]
[Black "Harshavardhan G B"]
[WhiteFideId "24119350"]
[BlackFideId "25059009"]
[WhiteElo "2462"]
[BlackElo "1825"]
[Result "1-0"]
[Round "09"]
[TimeControl "180+1"]
[Date "2021.11.09"]
[WhiteClock "0:00:07"]
[BlackClock "0:00:05"]

1. d4 d5 2. Nf3 Nf6 3. c4 c6 4. Qc2 g6 5. Bf4 Bg7 6. e3 O-O 7. cxd5 cxd5 8. Nc3 Nc6 9. h3 Bf5 10. Qb3 Na5 11. Qb4 Ne4 12. Be2 Nxc3 13. bxc3 Rc8 14. Nd2 b6 15. O-O e5 16. Bxe5 Nc6 17. Qa3 Nxe5 18. dxe5 Bxe5 19. Rac1 Qd7 20. Nf3 Bd6 21. Qb3 Rfd8 22. Rfd1 Be4 23. Nd4 Qe7 24. Bf1 Qe5 25. g3 Qh5 26. Bg2 Be5 27. Bxe4 dxe4 28. Qb1 Bxd4 29. cxd4 Qxh3 30. Qxe4 Qe6 31. Qxe6 fxe6 32. Kg2 Kf7 33. Kf3 Ke7 34. Rxc8 Rxc8 35. g4 Rc2 36. a3 Ra2 37. Rd3 h5 38. gxh5 gxh5 39. e4 h4 40. Kg2 Re2 41. e5 b5 42. Rh3 Re4 43. Rd3 Kd7 44. Kf3 Re1 45. Kg4 Rh1 46. f4 Kc6 47. d5+ exd5 48. f5 h3 49. Kg3 a5 50. f6 h2 51. Rf3 Rg1+ 52. Kxh2 Rg8 53. e6 Kd6 54. e7 Kd7 55. Rf5 Rh8+ 56. Kg3 Ke6 57. Rf1 b4 58. Kg4 bxa3 59. Kg5 Kf7 60. Re1 Rg8+ 61. Kf5 a2 62. Ra1 Rh8 63. Ke5 Rh5+ 64. Kd6 Rf5 65. Kd7 Re5 66. Rxa2 d4 67. Rd2 Re4 68. Rh2 a4 69. Rh8 Kxf6 70. e8=Q Rxe8 71. Rxe8 Kf5 72. Kd6 d3 73. Re3 a3 74. Rxd3 a2 75. Ra3 a1=Q 76. Rxa1 1-0


[Site "https://www.chess.com"]

[Event "Titled Tuesday Blitz November 9 2021"]
[White "Costachi, Mihnea"]
[Black "Adly, Ahmed"]
[WhiteFideId "1217518"]
[BlackFideId "10601619"]
[WhiteElo "2482"]
[BlackElo "2683"]
[Result "1/2-1/2"]
[Round "09"]
[TimeControl "180+1"]
[Date "2021.11.09"]
[WhiteClock "0:00:03"]
[BlackClock "0:00:30"]

1. d4 Nf6 2. c4 e6 3. Nf3 Bb4+ 4. Bd2 Qe7 5. g3 O-O 6. Nc3 d5 7. cxd5 exd5 8. Bg2 Bxc3 9. bxc3 Ne4 10. O-O Nxd2 11. Nxd2 Rd8 12. e4 dxe4 13. Nxe4 c6 14. Re1 Qa3 15. Qh5 h6 16. Re3 Nd7 17. Rae1 Nf8 18. Nc5 Qxa2 19. Re7 Ng6 20. Re8+ Rxe8 21. Rxe8+ Kh7 22. Nd7 b6 23. Be4 Bxd7 24. Rxa8 Qa1+ 25. Kg2 Qxc3 26. Rxa7 Qxd4 27. Qf3 b5 28. Rb7 b4 29. h4 Kg8 30. Rb8+ Nf8 31. Bxc6 Qd6 32. Bd5 Qxb8 33. Qxf7+ Kh7 34. Qg8+ Kg6 35. Qf7+ Kh7 36. Qg8+ Kg6 37. Qf7+ Kh7 1/2-1/2


[Site "https://www.chess.com"]

[Event "Titled Tuesday Blitz November 9 2021"]
[White "Cunjalo, Faris"]
[Black "Kollars, Dmitrij"]
[WhiteFideId "14410710"]
[BlackFideId "12909572"]
[WhiteElo "2263"]
[BlackElo "2584"]
[Result "0-1"]
[Round "09"]
[TimeControl "180+1"]
[Date "2021.11.09"]
[WhiteClock "0:00:40"]
[BlackClock "0:00:29"]

1. c4 e5 2. g3 c6 3. Nf3 e4 4. Nd4 d5 5. cxd5 Qxd5 6. Nc2 Nf6 7. Bg2 Qh5 8. d3 Bh3 9. Bxh3 Qxh3 10. Ne3 Nbd7 11. Nc3 Bb4 12. Qb3 Bxc3+ 13. Qxc3 O-O 14. b3 exd3 15. Qxd3 Rad8 16. Bb2 Nc5 17. Qf5 Qxf5 18. Nxf5 Nce4 19. f3 Nd6 20. Bxf6 gxf6 21. Ne3 Rfe8 22. Kf2 Nb5 23. Rhd1 Nd4 24. Rd2 Rxe3 25. Kxe3 Nf5+ 26. Kf4 Rxd2 27. Kxf5 Kg7 28. e4 Rxh2 29. a3 Rd2 30. b4 Rd3 31. Kf4 Rb3 32. Ra2 a6 33. Ra1 h5 34. Ra2 Kg6 35. Ra1 Rd3 36. Ra2 Rc3 37. Ra1 b5 38. a4 Rc4 39. axb5 axb5 40. Ra6 f5 41. Rb6 fxe4 42. fxe4 f5 0-1


[Site "https://www.chess.com"]

[Event "Titled Tuesday Blitz November 9 2021"]
[White "Dzhumagaliev, Yan"]
[Black "Maghsoodloo, Parham"]
[WhiteFideId "24100110"]
[BlackFideId "12539929"]
[WhiteElo "2507"]
[BlackElo "2601"]
[Result "0-1"]
[Round "09"]
[TimeControl "180+1"]
[Date "2021.11.09"]
[WhiteClock "0:00:11"]
[BlackClock "0:00:12"]

1. Nf3 c5 2. h4 d5 3. h5 Nf6 4. c3 d4 5. d3 Nc6 6. e4 e5 7. h6 g6 8. Bg5 Be7 9. Nbd2 Be6 10. Be2 O-O 11. Qc2 Rc8 12. O-O b5 13. a4 b4 14. Nc4 Nd7 15. Bd2 f6 16. cxb4 Nxb4 17. Qc1 Nb6 18. b3 Nxc4 19. bxc4 Rb8 20. a5 Qc7 21. Ne1 Bd6 22. g3 f5 23. Bf3 f4 24. Qd1 Qd7 25. Bxb4 cxb4 26. Ng2 g5 27. gxf4 gxf4 28. Kh2 Rf6 29. Nh4 Rxh6 30. Bh5 Kh8 31. Rg1 Be7 32. Kg2 Bxh4 33. Kf1 Qe7 34. Ke1 b3 35. Rb1 b2 36. Bg4 Bxf2+ 37. Kxf2 Rh2+ 38. Kf1 Qh4 39. Qf3 Bxg4 40. Rxg4 Rh1+ 41. Rg1 Rh3 42. Qg4 Qxg4 43. Rxg4 Rxd3 44. Ke2 Rc3 45. Kd2 Rxc4 46. Rg5 Rc5 47. a6 Ra5 48. Kc2 Rc8+ 49. Kd2 Rb5 50. Rh5 f3 51. Rbh1 Rc7 52. Rb1 Rf7 53. Ke1 f2+ 54. Kf1 d3 55. Rh3 Rc7 56. Rxd3 Rc1+ 57. Kxf2 Rxb1 58. Rd8+ Kg7 59. Rd7+ Kg6 60. Rxa7 Rf1+ 61. Kxf1 b1=Q+ 62. Kg2 Rb2+ 63. Kh3 Qh1+ 64. Kg4 Qg2+ 65. Kh4 Qxe4+ 66. Kg3 Rg2+ 67. Kh3 Qg4# 0-1


[Site "https://www.chess.com"]